 Seeded DCSS version 0.29.1-15-g9cfb28693d (webtiles) character file.

Game seed: 1 (custom seed)

141691 Kazon the Fencer (level 17, -2/136 HPs)
             Began as a Barachi Fighter on Apr 14, 2023.
             Was the Champion of Okawaru.
             Slain by a torpor snail (6 damage)
             ... on level 4 of the Spider Nest on Apr 18, 2023.
             The game lasted 02:45:01 (23907 turns).

Kazon the Fencer (Barachi Fighter)                 Turns: 23907, Time: 02:45:03

Health: -2/136     AC: 25    Str: 15    XL:     17   Next: 33%
Magic:  25/25      EV: 17    Int: 12    God:    Okawaru [******]
Gold:   1206       SH: 13    Dex: 44    Spells: 16/16 levels left

rFire   + + +      SeeInvis .   a - +2 long sword of Destiny {spect, *Noise Will+++ Dex+9}
rCold   + + +      Faith    .   c - +2 buckler
rNeg    . . .      Spirit   .   s - +3 chain mail of a Labyrinth {-Cast Regen+ Dex+9}
rPois   +          Reflect  .   A - +1 hat of Untruth {rC++ rCorr Str-2 Stlth+}
rElec   .          Harm     .   X - +2 cloak
rCorr   +          Rampage  .   T - +1 pair of gloves {Dex+3}
Will    +++++      NoCast   +   n - +2 pair of boots
Stlth   +++++.....              R - amulet "Odemouw" {Contam rPois rF+++ Regen+ Stlth+}
HPRegen 1.92/turn               x - +6 ring of dexterity
MPRegen 0.19/turn               B - ring of protection from cold

@: lethally poisoned (-2 -> -5), about to teleport, slowed, very slow
A: amphibious, slowness 1, strong legs 2, +LOS, strong-willed 1, wild magic 1
a: Hop, Renounce Religion, Heroism, Finesse, Duel


You were on level 4 of the Spider Nest.
You worshipped Okawaru.
Okawaru was exalted by your worship.
You visited 4 branches of the dungeon, and saw 25 of its levels.
You visited the Abyss 1 time.

You collected 1982 gold pieces.
You spent 776 gold pieces at shops.

Inventory:

Hand Weapons
 a - the +2 long sword of Destiny (weapon) {spect, *Noise Will+++ Dex+9}
   (Okawaru gifted it to you on level 10 of the Dungeon)

   When its wielder attacks, the weapon's spirit leaps out and strikes again.
   The spirit shares a part of any damage it takes with its wielder.
   Dex:       It affects your dexterity (+9).
   *Noise:    It may make noises in combat.
   Will:      It greatly increases your willpower.
 e - a +2 dagger of venom
 f - the +2 Maxwell's thermic engine {flame, freeze}
   (You found it on level 1 of the Lair of Beasts)

   It burns those it strikes, dealing additional fire damage.
   Big, fiery blades are also staple armaments of hydra-hunters.
   It freezes those it strikes, dealing additional cold damage.
   It can also slow down cold-blooded creatures.
   It becomes more effective when it hits something.
   This effect fades over time.
 i - the +6 scimitar "Doexes" {vorpal, rF+ Will+ Int+4 SInv}
   (Okawaru gifted it to you on level 2 of the Abyss)

   It inflicts extra damage upon your enemies.
   Int:       It affects your intelligence (+4).
   rF:        It protects you from fire.
   SInv:      It lets you see invisible.
   Will:      It increases your willpower.
Missiles
 l - 11 boomerangs (quivered)
 q - a throwing net
 D - 4 curare-tipped darts
 E - an atropa-tipped dart
 J - 19 poisoned darts
 M - 5 datura-tipped darts
 V - a javelin
Armour
 c - a +2 buckler (worn)
 n - a +2 pair of boots (worn)
 s - the +3 chain mail of a Labyrinth (worn) {-Cast Regen+ Dex+9}
   (Okawaru gifted it to you on level 1 of the Spider Nest)

   Dex:       It affects your dexterity (+9).
   -Cast:     It prevents spellcasting.
   Regen:     It increases your rate of health regeneration.
 A - the +1 hat of Untruth (worn) {rC++ rCorr Str-2 Stlth+}
   (You found it on level 14 of the Dungeon)

   Str:       It affects your strength (-2).
   rC:        It greatly protects you from cold.
   rCorr:     It protects you from acid and corrosion.
   Stlth:     It makes you more stealthy.
 T - a +1 pair of gloves of dexterity (worn)
 X - a +2 cloak (worn)
Jewellery
 x - a +6 ring of dexterity (left hand)
 B - a ring of protection from cold (right hand)
 R - the amulet "Odemouw" (around neck) {Contam rPois rF+++ Regen+ Stlth+}
   (You bought it in a shop on level 8 of the Dungeon)

   [amulet of regeneration]

   rF:        It renders you almost immune to fire.
   rPois:     It protects you from poison.
   Contam:    It causes magical contamination when unequipped.
   Regen:     It increases your rate of health regeneration.
   Stlth:     It makes you more stealthy.
Wands
 m - a wand of flame (11)
 z - a wand of mindburst (29)
 H - a wand of paralysis (18)
 L - a wand of roots (17)
 S - a wand of polymorph (11)
Scrolls
 o - 4 scrolls of immolation
 p - 2 scrolls of poison
 r - 4 scrolls of fog
 t - 4 scrolls of teleportation
 u - 2 scrolls of magic mapping
 y - 3 scrolls of noise
 I - 3 scrolls of fear
 N - a scroll of blinking
 W - 2 scrolls of silence
Potions
 b - 4 potions of berserk rage
 d - 5 potions of might
 h - 3 potions of flight
 j - a potion of invisibility
 k - 2 potions of heal wounds
 v - 11 potions of lignification
 w - 6 potions of haste
 C - 3 potions of cancellation
 F - a potion of resistance
 G - 6 potions of curing
Miscellaneous
 g - a phial of floods
 Q - a condenser vane
 U - a lightning rod (4/4)


   Skills:
 + Level 13.1 Fighting
 + Level 7.0(11.9) Short Blades
 + Level 16.1(16.7) Long Blades
 + Level 11.5 Throwing
 + Level 10.3 Armour
 + Level 9.6 Dodging
 + Level 8.9 Stealth
 + Level 10.4 Shields
 * Level 11.1 Invocations
 + Level 10.6 Evocations


You had 16 spell levels left.
You didn't know any spells.
Your spell library contained the following spells:

 Spells                   Type           Power      Damage    Failure   Level
 Apportation              Tloc           0%         N/A       99%         1
 Magic Dart               Conj           0%         1d3       99%         1
 Necrotise                Necr           0%         1d4       99%         1
 Sandblast                Erth           0%         2d4       99%         1
 Sting                    Tmut/Pois      0%         1d3       99%         1
 Poisonous Vapours        Pois/Air       0%         N/A       100%        2
 Dazzling Flash           Conj/Hex       0%         N/A       100%        3
 Mephitic Cloud           Conj/Pois/Air  0%         N/A       100%        3
 Ozocubu's Armour         Ice            0%         N/A       100%        3
 Iskenderun's Mystic Bla  Conj/Tloc      0%         2d3       100%        4
 Leda's Liquefaction      Hex/Erth       0%         N/A       100%        4
 Olgreb's Toxic Radiance  Pois           0%         N/A       100%        4
 Blade Hands              Tmut           0%         N/A       100%        5
 Fireball                 Conj/Fire      0%         3d3       100%        5
 Iskenderun's Battlesphe  Conj           0%         2d6       100%        5
 Metabolic Englaciation   Hex/Ice        0%         N/A       100%        5
 Conjure Ball Lightning   Conj/Air       0%         3x3d6     100%        6
 Iron Shot                Conj/Erth      0%         9d1       100%        6
 Starburst                Conj/Fire      0%         6d3       100%        6
 Statue Form              Tmut/Erth      0%         N/A       100%        6
 Orb of Destruction       Conj           0%         9d5       100%        7
 Ozocubu's Refrigeration  Ice            0%         4d7       100%        7
 Lehudib's Crystal Spear  Conj/Erth      0%         10d2      100%        8
 Summon Small Mammal      Summ           Unusable   N/A       N/A         1
 Call Imp                 Summ           Unusable   N/A       N/A         2
 Animate Armour           Summ/Erth      Unusable   N/A       N/A         4
 Simulacrum               Ice/Necr       Unusable   N/A       N/A         6

Dungeon Overview and Level Annotations

Branches:
Dungeon (15/15)            Temple (1/1) D:7            Lair (5/5) D:10
 Shoals (0/4) Lair:3       Spider (4/4) Lair:3        Slime (0/5) Lair:4
    Orc (0/2) D:12         Vaults (0/5) D:13         Depths (0/4) D:15

Altars:
Ashenzari
Dithmenos
Elyvilon
Fedhas
Gozag
Hepliaklqana
Kikubaaqudgha
Makhleb
Nemelex Xobeh
Okawaru
Qazlal
Uskayaw
Xom
Jiyva

Shops:
D:3 (   D:8 ?(==   D:10 :   D:13 !

Annotations:
Spider:4 Mara


Innate Abilities, Weirdness & Mutations

You are amphibious.
You cover ground slowly.
You can hop long distances.
You have an extended range of vision and can be seen from far away.
You are strong-willed. (Will+)
Your spells are a little harder to cast, but a little more powerful.


Message History

The moth of wrath is almost dead.
Your +2 long sword of Destiny {spect, *Noise Will+++ Dex+9} hits the moth of wrath.
You kill the moth of wrath!
Okawaru accepts your kill. The wolf spider hits you! The wolf spider bites you!
A culicivora comes into view.
The wolf spider hits you but does no damage.
The wolf spider bites you but does no damage.
The wolf spider hits you! The wolf spider misses you.
Your life force feels restored.
You hit the wolf spider.
The wolf spider is lightly wounded.
Your +2 long sword of Destiny {spect, *Noise Will+++ Dex+9} hits the wolf spider!
The wolf spider barely misses your +2 long sword of Destiny {spect, *Noise Will+++ Dex+9}.
The wolf spider closely misses your +2 long sword of Destiny {spect, *Noise Will+++ Dex+9}.
The wolf spider hits your +2 long sword of Destiny {spect, *Noise Will+++ Dex+9}!
Your spectral weapon shares its damage with you!
The wolf spider misses your +2 long sword of Destiny {spect, *Noise Will+++ Dex+9}.
You catch the helpless wolf spider completely off-guard!
You slice the wolf spider!!
The wolf spider is heavily wounded.
Your +2 long sword of Destiny {spect, *Noise Will+++ Dex+9} hits the wolf spider!
The wolf spider hits you but does no damage.
You block the wolf spider's attack.
A redback comes into view.
The wolf spider hits you!! You block the wolf spider's attack.
The wolf spider hits you!!
* * * LOW HITPOINT WARNING * * *
The wolf spider bites you!
* * * LOW HITPOINT WARNING * * *
You are poisoned.
The wolf spider poisons you!
The redback moves out of view.
As you read the scroll of teleportation, it crumbles to dust.
You feel strangely unstable.
You feel extremely sick. The wolf spider hits you!
* * * LOW HITPOINT WARNING * * *
You block the wolf spider's attack. The wolf spider closely misses you. x2
The torpor snail bites you.
You die...

# ### .# ##..# .w.#
#...#....# ####w.....###
###...........#
#§wss..#......# #.@###^#
.....# #### #....#### ....#
###{.# #.......# ^..#
#..?.#### ####.....#####.#
#.......###.............# #
#.$....#†#.............###
#..<###..#####.....#.....#
#......###..##.###.###.....#
#......##..#..^^.###^......#


You could see an emperor scorpion, 2 torpor snails and a wolf spider (berserk).

Vanquished Creatures
  Rupert (D:12)
  Roxanne (D:15)
  3 emperor scorpions
  A ghost moth (Spider:1)
  The ghost of Yrchouma the Grappler, a journeyman PaTm of Nemelex Xobeh (D:14)
  3 broodmothers
  Nessos (D:12)
  A spark wasp (Spider:3)
  Snorg (D:14)
  A dire elephant (D:15)
  Azrael (D:13)
  2 entropy weavers
  A fire dragon (D:13)
  A great orb of eyes (D:15)
  4 boulder beetles
  Fannar (Lair:2)
  4 hydras
  Erolcha (D:10)
  4 catoblepae
  6 centaur warriors
  A vault guard (D:13)
  A death knight (D:14)
  3 two-headed ogres
  A naga warrior (Abyss:2)
  A tengu warrior (D:15)
  10 death yaks
  A slime creature (D:15)
  6 pharaoh ants
  5 skeletal warriors
  A fire crab (D:13)
  2 sixfirhies (Abyss:2)
  A sun moth (Spider:1)
  Lodul (D:12)
  5 steelbarb worms
  3 spriggan simulacra (D:14)
  4 orb spiders
  A wizard (D:14)
  5 spectral wolf spiders (Spider:1)
  An orc knight (D:15)
  6 wolf spider zombies (Spider:1)
  A mana viper (shapeshifter) (D:13)
  18 wolf spiders
  4 cyclopes
  2 deep elf pyromancers
  24 ugly things
  5 manticores
  5 elephants (Lair:4)
  A guardian serpent (Abyss:2)
  2 moths of wrath
  5 black mambas
  11 cane toads
  5 torpor snails
  Maggie (D:6)
  4 rime drakes
  2 unseen horrors
  A rime drake (shapeshifter) (D:15)
  3 freezing wraiths
  14 komodo dragons
  9 demonic crawlers
  4 kobold demonologists (D:11)
  A tengu conjurer (D:12)
  3 efreet
  4 trolls
  Prince Ribbit (D:9)
  A polar bear (Lair:4)
  19 tarantellas
  2 wolf spider simulacra (Spider:1)
  17 blink frogs
  5 dream sheep (Lair:4)
  A snapping turtle (Lair:3)
  2 shadows
  19 jumping spiders
  3 vampires
  2 fire elementals (D:13)
  2 wraiths (D:12)
  63 yaks
  16 culicivoras
  5 wyverns
  A small abomination (Abyss:2)
  6 basilisks
  Eustachio (D:5)
  38 redbacks
  6 vampire mosquitoes
  2 steam dragons
  3 minotaur simulacra (D:14)
  Menkaure (D:5)
  4 nagas (Abyss:2)
  Edmund (D:6)
  A spatial vortex (Abyss:2)
  2 acid dragons
  16 water moccasins
  2 large abominations (Abyss:2)
  2 hell hounds (D:13)
  7 orc warriors
  An ice beast (D:8)
  5 sky beasts
  2 black bears (D:6)
  5 centaurs
  7 ogres
  A wolf (D:10)
  2 phantoms (D:6)
  3 kobold brigands
  3 necrophages
  6 bullfrogs
  2 deep troll simulacra (D:14)
  A gnoll sergeant (D:7)
  10 scorpions
  23 wights
  3 killer bees (D:10)
  3 electric eels
  A howler monkey (D:5)
  2 jellies (D:6)
  6 hounds
  7 orc priests
  A gnoll bouda (D:7)
  6 iguanas
  5 orc wizards
  4 hell rats (Lair:3)
  Robin (D:3)
  15 gnolls
  12 adders
  3 shadow imps
  2 white imps (D:7)
  An ufetubus (D:5)
  4 worms
  37 orcs
  11 endoplasms
  3 giant cockroaches
  16 goblins
  9 hobgoblins
  A jackal (D:4)
  27 kobolds
  2 quokkas
  5 ball pythons
  4 bats
  3 frilled lizards
  6 rats
  A bush (Lair:5)
750 creatures vanquished.

Vanquished Creatures (collateral kills)
  A deep elf pyromancer (D:15)
  A cyclops (D:15)
  A slime creature (D:15)
3 creatures vanquished.

Vanquished Creatures (others)
  A harpy (D:14)
  A slime creature (D:15)
  2 centaur simulacra (D:14)
  A golden eye (shapeshifter) (D:14)
  A scorpion (shapeshifter) (D:14)
  24 fungi
  39 plants
69 creatures vanquished.

Grand Total: 822 creatures vanquished

Notes
Turn   | Place    | Note
-------+----------+-------------------------------------------
     0 | D:1      | Kazon the Barachi Fighter began the quest for the Orb.
     0 | D:1      | Reached XP level 1. HP: 18/18 MP: 1/1
   105 | D:1      | Identified a scroll of acquirement
   105 | D:1      | Acquired the +3 hat of the Enchanted Forest {Stlth+}
   170 | D:1      | Reached XP level 2. HP: 25/25 MP: 2/2
   586 | D:2      | Reached XP level 3. HP: 25/30 MP: 3/3
   795 | D:2      | Reached skill level 3 in Long Blades
  1219 | D:2      | Reached XP level 4. HP: 8/37 MP: 4/4
  1389 | D:3      | Found Umat's Antique Weapon Boutique.
  1551 | D:3      | Noticed Robin
  1561 | D:3      | Killed Robin
  1562 | D:3      | Reached skill level 4 in Long Blades
  1587 | D:3      | Reached XP level 5. HP: 38/43 MP: 5/5
  1659 | D:3      | Reached skill level 1 in Throwing
  1780 | D:3      | Reached skill level 1 in Short Blades
  1900 | D:3      | Reached skill level 6 in Long Blades
  1900 | D:3      | Reached skill level 5 in Throwing
  1900 | D:3      | Reached skill level 5 in Dodging
  1900 | D:3      | Reached skill level 5 in Shields
  1900 | D:3      | Reached XP level 6. HP: 52/52 MP: 6/6
  2245 | D:4      | Reached XP level 7. HP: 54/58 MP: 7/7
  2734 | D:4      | Found a hazy altar of Hepliaklqana.
  3098 | D:5      | Entered Level 5 of the Dungeon
  3126 | D:5      | Noticed Eustachio
  3148 | D:5      | Killed Eustachio
  3149 | D:5      | Reached skill level 5 in Stealth
  3166 | D:5      | Reached skill level 1 in Evocations
  3166 | D:5      | Reached XP level 8. HP: 51/65 MP: 8/8
  3645 | D:5      | Noticed Menkaure
  3659 | D:5      | Killed Menkaure
  4035 | D:7      | Found a staircase to the Ecumenical Temple.
  4047 | Temple   | Entered the Ecumenical Temple
  4080 | Temple   | Became a worshipper of Warmaster Okawaru
  4105 | Temple   | Reached XP level 9. HP: 64/71 MP: 9/9
  4117 | Temple   | Reached skill level 5 in Short Blades
  4185 | D:7      | Found a hide-covered altar of Uskayaw.
  4235 | D:6      | Noticed Edmund
  4246 | D:6      | Reached skill level 1 in Invocations
  4269 | D:6      | Killed Edmund
  4445 | D:6      | Reached * piety under Okawaru
  4631 | D:6      | Reached skill level 7 in Long Blades
  4834 | D:6      | Noticed Maggie
  4856 | D:6      | Killed Maggie
  4857 | D:6      | Reached XP level 10. HP: 69/79 MP: 11/11
  5028 | D:6      | Reached ** piety under Okawaru
  5408 | D:7      | Found a white marble altar of Elyvilon.
  5621 | D:7      | Reached skill level 8 in Long Blades
  6320 | D:8      | Found Heidghoki's Jewellery Shop.
  6416 | D:8      | Found Esumer's Weapon Shop.
  6530 | D:8      | Found Quzidd's Magic Scroll Emporium.
  6549 | D:8      | Bought a scroll of teleportation for 42 gold pieces
  6705 | D:8      | Found Zoxtaeshakh's Jewellery Boutique.
  7182 | D:9      | Noticed Prince Ribbit
  7214 | D:9      | Killed Prince Ribbit
  7214 | D:9      | Reached *** piety under Okawaru
  7419 | D:9      | Noticed a two-headed ogre
  7431 | D:9      | Killed a two-headed ogre
  7431 | D:9      | Received a gift from Okawaru
  7862 | D:9      | Reached XP level 11. HP: 68/85 MP: 13/13
  7974 | D:9      | Reached **** piety under Okawaru
  8254 | D:10     | Entered Level 10 of the Dungeon
  8310 | D:10     | Identified the +5 long sword of the Land of Plenty {drain,
                  | Dex+3}
  8342 | D:10     | Found a staircase to the Lair.
  8416 | D:10     | Noticed Erolcha
  8422 | D:10     | Killed Erolcha
  8423 | D:10     | Reached skill level 5 in Evocations
  8444 | D:10     | Found Juagoaq's Book Shoppe.
  8475 | D:10     | Reached skill level 9 in Long Blades
  9483 | D:10     | Reached ***** piety under Okawaru
  9609 | Lair:1   | Entered Level 1 of the Lair of Beasts
  9617 | D:10     | Identified the +2 long sword of Destiny {spect, *Noise
                  | Will+++ Dex+9} (Okawaru gifted it to you on level 10 of the
                  | Dungeon)
  9617 | D:10     | Received a gift from Okawaru
  9838 | Lair:1   | Found the +2 Maxwell's thermic engine {flame, freeze}
 10120 | Lair:1   | Reached XP level 12. HP: 68/94 MP: 15/15
 10362 | D:11     | Reached skill level 10 in Long Blades
 10392 | D:11     | Reached skill level 5 in Invocations
 10522 | D:8      | Bought the amulet "Odemouw" {Contam rPois rF+++ Regen+
                  | Stlth+} for 734 gold pieces
 10706 | D:11     | Noticed a sun demon
 10710 | D:11     | Noticed a soul eater
 10852 | Lair:2   | Received a gift from Okawaru
 11300 | Lair:2   | Noticed a catoblepas
 11306 | Lair:2   | Noticed Fannar
 11402 | Lair:2   | Received a gift from Okawaru
 11501 | Lair:2   | Killed a catoblepas
 11507 | Lair:2   | Killed Fannar
 11937 | Lair:3   | Found a hole to the Spider Nest.
 12181 | Lair:3   | Reached skill level 11 in Long Blades
 12208 | Lair:3   | Noticed a death yak
 12213 | Lair:3   | Found a staircase to the Shoals.
 12234 | Lair:3   | Noticed a death yak
 12234 | Lair:3   | Noticed a death yak
 12250 | Lair:3   | Killed a death yak
 12251 | Lair:3   | Gained mutation: You can hop long distances. [Barachi
                  | growth]
 12251 | Lair:3   | Reached XP level 13. HP: 74/100 MP: 17/17
 12456 | Lair:3   | Found an ancient bone altar of Kikubaaqudgha.
 12752 | Lair:4   | Reached ****** piety under Okawaru
 12819 | Lair:4   | Received a gift from Okawaru
 12858 | Lair:4   | Found a viscous altar of Jiyva.
 12864 | Lair:4   | Found a staircase to the Slime Pits.
 13107 | Lair:4   | Identified the +3 battleaxe "Adididghufym" {antimagic, rF+
                  | Will+}
 13156 | Lair:4   | Received a gift from Okawaru
 13273 | Lair:4   | You fall into a shaft and drop 1 floor!
 13273 | Lair:5   | Entered Level 5 of the Lair of Beasts
 13343 | Lair:5   | Identified the +0 pair of gloves of Tenacity {rF+ Will-
                  | Str+3} (Okawaru gifted it to you on level 5 of the Lair of
                  | Beasts)
 13343 | Lair:5   | Received a gift from Okawaru
 13344 | Lair:5   | Reached skill level 12 in Long Blades
 14083 | Lair:5   | Reached XP level 14. HP: 88/108 MP: 19/19
 14566 | Lair:5   | Reached skill level 13 in Long Blades
 14586 | Lair:5   | Reached skill level 10 in Fighting
 14647 | Lair:5   | Received a gift from Okawaru
 15475 | Spider:1 | Entered Level 1 of the Spider Nest
 15598 | Spider:1 | Identified the +3 chain mail of a Labyrinth {-Cast Regen+
                  | Dex+9} (Okawaru gifted it to you on level 1 of the Spider
                  | Nest)
 15598 | Spider:1 | Received a gift from Okawaru
 16166 | Spider:1 | Reached skill level 10 in Evocations
 16459 | D:12     | Noticed Nessos
 16476 | D:12     | Killed Nessos
 16481 | D:12     | Noticed Rupert
 16493 | D:12     | Killed Rupert
 16802 | D:12     | Found a staircase to the Orcish Mines.
 16813 | D:12     | Noticed Lodul
 16825 | D:12     | Killed Lodul
 17206 | D:12     | Acquired the +1 chain mail of the Pit {rN+ Int+2}
 17350 | D:12     | Gained mutation: You are strong-willed. (Will+) [potion of
                  | mutation]
 17350 | D:12     | Gained mutation: Your spells are a little harder to cast,
                  | but a little more powerful. [potion of mutation]
 17405 | D:13     | Noticed Azrael
 17422 | D:13     | Killed Azrael
 17567 | D:13     | Reached XP level 15. HP: 50/117 MP: 21/21
 17673 | D:13     | Found Ituota Roil's Distillery.
 17841 | D:13     | Received a gift from Okawaru
 18116 | D:13     | Received a gift from Okawaru
 18163 | D:13     | Found a gate to the Vaults.
 18281 | D:14     | Found a runed translucent gate.
 18281 | D:14     | Found a runed translucent gate.
 18283 | D:14     | Found a runed translucent gate.
 18311 | D:14     | Reached skill level 14 in Long Blades
 18328 | D:14     | Noticed Yrchouma's ghost (journeyman PaTm)
 18340 | D:14     | Noticed a ghost moth
 18340 | D:14     | a broodmother changed into a ghost moth
 18343 | D:14     | a ghost moth changed into a boulder beetle
 18642 | D:14     | Found a frozen archway.
 18658 | D:14     | Reached skill level 10 in Throwing
 18740 | D:14     | Noticed Snorg
 18746 | D:14     | Killed Snorg
 18809 | Abyss:2  | Cast into level 2 of the Abyss (a wizard)
 18862 | Abyss:2  | Identified the +6 scimitar "Doexes" {vorpal, rF+ Will+
                  | Int+4 SInv} (Okawaru gifted it to you on level 2 of the
                  | Abyss)
 18862 | Abyss:2  | Received a gift from Okawaru
 18987 | D:14     | Escaped the Abyss
 19056 | D:14     | Identified the +6 scale mail "Voetobuo" {Int-3 Dex+8}
 19367 | D:14     | Killed Yrchouma's ghost
 19384 | D:14     | Identified the +1 hat of Untruth {rC++ rCorr Str-2 Stlth+}
 19540 | D:15     | Entered Level 15 of the Dungeon
 19615 | D:15     | Identified the +0 buckler of Compression {Stlth+} (Okawaru
                  | gifted it to you on level 15 of the Dungeon)
 19615 | D:15     | Received a gift from Okawaru
 19760 | D:15     | Reached XP level 16. HP: 126/126 MP: 23/23
 20004 | D:15     | Identified Roxanne's Parchment of Spelunking
 20004 | D:15     | Noticed Roxanne
 20177 | D:15     | Killed Roxanne
 20178 | D:15     | Reached skill level 15 in Long Blades
 20178 | D:15     | Reached skill level 10 in Invocations
 20234 | D:15     | Found a staircase to the Depths.
 20652 | Spider:1 | Identified the +8 crystal plate armour of the Dungeon
                  | {rElec Str+3} (Okawaru gifted it to you on level 1 of the
                  | Spider Nest)
 20652 | Spider:1 | Received a gift from Okawaru
 22058 | Spider:2 | Reached skill level 10 in Shields
 22163 | Spider:2 | Reached skill level 10 in Armour
 22599 | Spider:3 | Reached skill level 16 in Long Blades
 22607 | Spider:3 | Reached XP level 17. HP: 135/135 MP: 25/25
 22613 | Spider:3 | Identified the +0 chain mail of the Ward {Harm Will- Int+9}
                  | (Okawaru gifted it to you on level 3 of the Spider Nest)
 22613 | Spider:3 | Received a gift from Okawaru
 23757 | Spider:4 | Entered Level 4 of the Spider Nest
 23757 | Spider:4 | Noticed Mara
 23907 | Spider:4 | HP: 4/136 [wolf spider (16)]
 23907 | Spider:4 | Slain by a torpor snail

Illustrated notes

Levels and vault maps discovered:
D:1:      dpeg_arrival_three_smaller_balls, layout_basic
D:2:      layout_loops_ring
D:3:      layout_basic, serial_shops, nicolae_shop_stone, st_stairs_9,
          minmay_misc_feat_doors, eino_curves_03, uniq_robin
D:4:      minmay_wonky_spiral, layout_basic,
          mainiacjoe_overflow_surrounded_room, minivault_5
D:5:      layout_cave_pods, uniq_menkaure, uniq_eustachio
D:6:      cheibrodos_barr_body, layout_basic, minmay_crystal_room,
          minmay_pentangle, uniq_maggie, uniq_edmund
D:7:      layout_cave_pools, nicolae_uskayaw_murder_on_the_dancefloor,
          elyvilon_altar_4, minmay_temple_entry_purple_smoke
D:8:      layout_basic, serial_shops, shop_statue, kennysheep_little_box, shop,
          nicolae_shop_window_shopping
D:9:      layout_cave_pools, uniq_prince_ribbit1
D:10:     layout_stronghold, erik_lair_island, serial_shops,
          nicolae_shop_statue_plus, uniq_erolcha
D:11:     layout_roguey
D:12:     layout_loops_ring, orc_0_dummy, chequers_serial_rivers_marsh,
          uniq_lodul, uniq_nessos, uniq_rupert
D:13:     layout_gridville, david_vaults_5, serial_shops,
          nicolae_shop_behind_doors, minmay_fractal_squares_gapless_5,
          uniq_azrael
D:14:     layout_roguey, minmay_misc_feat_secret_circle, gammafunk_ghost_split,
          portal_ice_cave_entry_ice_simulacra, uniq_snorg
D:15:     hangedman_depths_entry_try_elsewhere_first, layout_loops_corners,
          uniq_roxanne
Temple:   nicolae_temple_bog_church
Lair:1:   layout_long_grid, fungi_pond_lemuel, cheibrodos_lair_reptile_den
Lair:2:   layout_gridlike, uniq_fannar
Lair:3:   layout_roguey, minmay_shoals_entry_hut,
          nicolae_spider_entry_non_spiders, basic_altar, serial_bayou_crossing
Lair:4:   layout_gridlike, slime_entry_1, serial_rivers,
          chequers_serial_rivers_room_a, chequers_serial_rivers_micro_c,
          chequers_serial_rivers_room_a, chequers_serial_rivers_micro_e,
          minivault_27, grunt_megastairs_3, infiniplex_staircase_pool_2
Lair:5:   evilmike_catoblepas_cave, layout_long_grid
Spider:1: layout_chambers, nicolae_spider_undead_wolf_pack
Spider:2: layout_cave_pods
Spider:3: layout_spider_delve
Spider:4: floodkiller_spider_rune_tomb, special_room [special_room_bee],
          uniq_mara

Skill      XL: |  1  2  3  4  5  6  7  8  9 10 11 12 13 14 15 16 17 |
---------------+----------------------------------------------------+-----
Armour         | 4 6 7 8 9 10 | 10.3
Fighting       | 4 6 7 8 9 10 11 12 13 | 13.1
Long Blades    | 3 4 6 7 8 9 11 12 13 14 16 | 16.1
Throwing       | 5 6 7 8 9 10 11 | 11.5
Short Blades   | 3 4 5 6 7 |  7.0
Dodging        | 5 6 7 8 9 |  9.6
Stealth        | 4 5 6 7 8 |  8.9
Shields        | 5 6 7 8 9 10 | 10.4
Evocations     | 1 2 3 4 6 8 9 10 | 10.6
Invocations    | 2 3 4 6 7 8 9 10 11 | 11.1

Action                   |  1- 3 |  4- 6 |  7- 9 | 10-12 | 13-15 | 16-18 || total
-------------------------+-------+-------+-------+-------+-------+-------++-------
Melee: Long sword        |    83 |       |   274 |   512 |   148 |   151 ||  1168
       Dagger            |    18 |    97 |   176 |   407 |   151 |    61 ||   910
       Double sword      |       |       |       |    43 |   538 |   171 ||   752
       Scimitar          |       |       |       |       |       |    94 ||    94
Throw: Stone             |     8 |    14 |    27 |    86 |       |       ||   135
       Boomerang         |       |       |     2 |    56 |   106 |    65 ||   229
       Dart              |       |       |       |    53 |   155 |   117 ||   325
       Javelin           |       |       |       |       |     4 |     2 ||     6
Invok: Heroism           |       |       |     1 |     8 |     4 |     3 ||    16
       Finesse           |       |       |       |       |     1 |     1 ||     2
 Abil: Hop               |       |       |       |     1 |     1 |       ||     2
Evoke: Wand              |       |       |     3 |    19 |    29 |     3 ||    54
       Lightning rod     |       |       |       |       |     3 |       ||     3
  Use: Scroll            |     1 |       |     3 |     4 |    17 |     2 ||    27
       Potion            |       |     1 |     3 |     4 |     1 |     1 ||    10
 Stab: Sleeping          |       |     1 |     7 |    13 |    17 |     7 ||    45
       Paralysed         |       |       |       |     4 |     5 |     3 ||    12
       Distracted        |       |       |       |     8 |    10 |    16 ||    34
       Petrified         |       |       |       |     5 |       |       ||     5
Armor: Scale mail        |    41 |    34 |    33 |       |       |       ||   108
       Leather armour    |       |       |   143 |   211 |    51 |       ||   405
       Chain mail        |       |       |       |       |   124 |   211 ||   335
Dodge: Dodged            |    47 |    54 |   238 |   495 |   281 |   251 ||  1366
Block: Buckler           |    18 |    21 |    98 |   219 |   215 |   236 ||   807
